 Dungeon Crawl Stone Soup version 0.20.1-1-g8b1a95d (webtiles) character file.

361 equalderp2856 the Ducker (level 6, -10/32 HPs)
             Began as a Spriggan Fighter on July 21, 2017.
             Killed by divine providence
             ... invoked by an orc priest
              (12 damage)
             ... on level 4 of the Dungeon.
             The game lasted 00:16:32 (6851 turns).

equalderp2856 the Ducker (Spriggan Fighter)         Turns: 6851, Time: 00:16:32

Health: -10/32     AC:  2    Str: 13      XL:     6   Next: 38%
Magic:  9/9        EV: 20    Int:  7 (10) God:
Gold:   221        SH:  7    Dex: 14 (16) Spells: 7/7 levels left

rFire    . . .     SeeInvis +   a - +1 rapier
rCold    . . .     Gourm    .   c - +1 buckler
rNeg     . . .     Faith    .   b - +0 robe
rPois    .         Spirit   .   (helmet restricted)
rElec    .         Reflect  .   (no cloak)
rCorr    .         Harm     .   (gloves unavailable)
MR       +....                  (boots unavailable)
Stlth    ++........             (no amulet)
Regen    0.1/turn               (no ring)
MPRegen  0.2/turn               (no ring)

@: very slightly contaminated, very quick
A: unfitting armour, see invisible, herbivore 3, speed 3, slow metabolism 2
a: no special abilities


You were on level 4 of the Dungeon.
You were very full.

You visited 1 branch of the dungeon, and saw 4 of its levels.

You collected 221 gold pieces.

Inventory:

Hand Weapons
 a - a +1 rapier (weapon)
 u - a +0 short sword
 w - a +4 short sword of draining
 B - a +0 hunting sling
 G - a +0 hunting sling
 H - a +0 dagger
 I - a +0 hunting sling
 L - a +0 long sword
 N - a +0 hunting sling
Missiles
 g - 159 stones (quivered)
 j - 63 arrows
 v - 70 bolts
 x - 7 tomahawks of returning
 C - 26 sling bullets
 F - 7 javelins
Armour
 b - a +0 robe (worn)
 c - a +1 buckler (worn)
Jewellery
 k - an uncursed amulet of faith
 m - the ring of Heresy {rPois rC- MP+9 Str+5 Stlth+, unknown}
   (You found it on level 4 of the Dungeon)

   [ring of stealth]

   It affects your strength (+5).
   It makes you vulnerable to cold.
   It protects you from poison.
   It affects your magic capacity (+9).
   It makes you more stealthy.
 y - an uncursed amulet of the gourmand
 P - a cursed -2 ring of evasion {unknown}
Wands
 D - a wand of paralysis (11/24)
 J - a wand of flame (19/48)
 M - a wand of random effects (6/48)
 R - a wand of polymorph (16/24)
Scrolls
 l - a scroll of enchant armour
 n - 5 scrolls of identify
 A - 2 scrolls of remove curse
 K - a scroll of amnesia {unknown}
 Q - a scroll of recharging {unknown}
Potions
 d - 3 potions of might
 e - a potion of heal wounds
 h - a potion of berserk rage {unknown}
 o - a potion of curing {unknown}
 p - 2 potions of lignification {unknown}
 q - 2 potions of degeneration
 t - a potion of brilliance {unknown}
 O - a potion of cancellation {unknown}
Books
 E - a book of Air

   Spells                             Type                      Level
   a - Shock                          Conjuration/Air              1
   b - Swiftness                      Charms/Air                   2
   c - Static Discharge               Conjuration/Air              3
   d - Airstrike                      Air                          4
   e - Lightning Bolt                 Conjuration/Air              5
Comestibles
 f - a bread ration
 z - 2 royal jellies


   Skills:
 + Level 3.1 Fighting
 + Level 4.1 Short Blades
 + Level 1.4 Slings
 + Level 6.4 Dodging
 * Level 2.9 Stealth
 + Level 2.9 Shields
 * Level 1.4 Spellcasting


You had 7 spell levels left.
You didn't know any spells.

Dungeon Overview and Level Annotations

Branches:
Dungeon (4/15)
 Temple: D:4-7

Altars:


Innate Abilities, Weirdness & Mutations

You are very small and have problems with some larger weapons.
You are too small for most types of armour.
You have supernaturally acute eyesight. (SInv)
You are a herbivore.
You cover ground extremely quickly.
You need consume almost no food.


Message History

It is a scroll of enchant weapon.
Your +0 rapier glows red for a moment.
You block the orc priest's attack.
Blink to where?
Press: ? - help, Dir - move target cursor You are very lightly contaminated with residual magic.
As you read the scroll labeled DUNOAP HAGH, it crumbles to dust.
It was a scroll of blinking.
The orc priest mumbles some strange prayers to Beogh against you.
Pain shoots through your body!
An orc comes into view. It is wielding a short sword.
The orc priest calls down the wrath of Beogh upon you.
Pain shoots through your body!
The orc priest looks encouraged for a moment.
The orc priest invokes the aid of Beogh against you.
Beogh smites you!
* * * LOW HITPOINT WARNING * * *
There is a stone staircase leading down here.
The orc priest invokes the aid of Beogh against you.
Beogh smites you!
You die...

.# #..# #.# .# #..#
#.# †# #..# #.#
.##### #..# #.# ##
.....####..###.##..
........#.......#.#
.....o.....###..#.#
...o.##.######..#.#
.>...##..o.o...>@.#
.###.#########..###
.# #.# #..... .#
#.# ##.#### .....#
#.# ##.### ..# #
###


You could see an orc priest and an orc.

Vanquished Creatures
  An ogre (D:4)
  2 orc wizards (D:4)
  Ijyb (D:3)
  A worker ant (D:4)
  A worker ant zombie (D:4)
  5 adders
  A worm (D:3)
  4 leopard geckos
  10 orcs
  4 giant cockroaches
  11 goblins
  8 hobgoblins
  5 jackals
  9 kobolds
  3 quokkas
  2 ball pythons
  14 bats
  9 frilled lizards
  5 rats
96 creatures vanquished.

Notes
Turn   | Place    | Note
-------+----------+-------------------------------------------
     0 | D:1      | equalderp2856 the Spriggan Fighter began the quest for the Orb.
     0 | D:1      | Reached XP level 1. HP: 11/11 MP: 2/2
   269 | D:1      | Reached XP level 2. HP: 15/16 MP: 3/3
  1196 | D:2      | Reached XP level 3. HP: 17/19 MP: 4/4
  1332 | D:2      | Found a faded altar of an unknown god.
  1423 | D:2      | Reached skill level 5 in Dodging
  2482 | D:3      | Reached XP level 4. HP: 23/23 MP: 5/5
  3788 | D:3      | Noticed Ijyb
  3898 | D:3      | Killed Ijyb
  3898 | D:3      | Reached skill level 1 in Stealth
  4041 | D:3      | Reached skill level 6 in Dodging
  4123 | D:3      | Reached XP level 5. HP: 24/27 MP: 6/6
  5664 | D:4      | Got a vibrating lapis lazuli ring
  5993 | D:4      | Noticed an ogre
  6492 | D:4      | Killed an ogre
  6492 | D:4      | Reached skill level 1 in Slings
  6492 | D:4      | Reached skill level 1 in Spellcasting
  6492 | D:4      | Reached XP level 6. HP: 27/32 MP: 7/9
  6851 | D:4      | Killed from afar by an orc priest

Skill      XL: |  1  2  3  4  5 |
---------------+----------------+-----
Dodging        | 5 6 |  6.4
Short Blades   | 3 4 |  4.1
Stealth        | 1 2 |  2.9
Fighting       | 3 |  3.1
Slings         | 1 |  1.4
Spellcasting   | 1 |  1.4
Shields        | |  2.9

Action                   |  1- 3 |  4- 6 || total
-------------------------+-------+-------++-------
Melee: Rapier            |   192 |   230 ||   422
 Fire: Hunting sling     |       |    40 ||    40
  Use: Scroll            |       |     7 ||     7
       Potion            |       |     2 ||     2
 Stab: Sleeping          |       |     1 ||     1
  Eat: Fruit             |       |     2 ||     2
       Bread ration      |       |     1 ||     1
       Royal jelly       |       |     1 ||     1
Armor: Robe              |    18 |     8 ||    26
Dodge: Dodged            |   185 |   176 ||   361
Block: Buckler           |    58 |    61 ||   119
